[Event "Late-Titled-Tuesday-Blitz-October-17-2023"]
[Site "Chess.com"]
[Date "2023.10.17"]
[Round "8"]
[White "protectiago"]
[Black "SanchezKelvin"]
[Result "0-1"]
[WhiteElo "2076"]
[BlackElo "2556"]
[TimeControl "180+1"]
[EndTime "15:25:38 PDT"]
[Termination "SanchezKelvin won by checkmate"]

1. d4 Nf6 2. c4 e6 3. g3 b6 4. Bg2 c6 5. Nf3 Bb7 6. O-O Be7 7. Nbd2 d5 8. Qc2 O-O 9. Rd1 Nbd7 10. e4 dxe4 11. Nxe4 Nxe4 12. Qxe4 Qc8 13. Bf4 Re8 14. Ne5 Nf6 15. Qf3 Bd6 16. Rac1 Rb8 17. c5 Bxe5 18. Bxe5 Nd5 19. Bxb8 Qxb8 20. a3 b5 21. Re1 Qc7 22. Re4 a5 23. Rce1 Bc8 24.
h4 Bd7 25. h5 h6 26. Bf1 a4 27. Bd3 Qa5 28. Re5 Nf6 29. R5e2 b4 30. g4 bxa3 31. bxa3 Nd5 32. Qe4 Nf6 33. Qf3 Nd5 34. g5 hxg5 35. h6 gxh6 36. Qh5 Kg7 37. Qg4 Nf6 38. Qf3 Qc3 39. Re3 Qxd4 40. Be4 Qxc5 41. Qe2 Rb8 42.
Bb1 Rb3 43. Rd3 Rxd3 44. Qxd3 Qd5 45. Qa6 c5 46. Qe2 Bc6 47. Rd1 Qg2# 0-1

[Event "Late-Titled-Tuesday-Blitz-October-17-2023"]
[Site "Chess.com"]
[Date "2023.10.17"]
[Round "8"]
[White "GMKrikor"]
[Black "Payyappat"]
[Result "1-0"]
[WhiteElo "2817"]
[BlackElo "2508"]
[TimeControl "180+1"]
[EndTime "15:25:40 PDT"]
[Termination "GMKrikor won on time"]

1. Nf3 Nf6 2. c4 c5 3. Nc3 Nc6 4. d4 cxd4 5. Nxd4 d5 6. cxd5 Nxd5 7. Nxc6 bxc6 8. Bd2 g6 9. e4 Nb6 10. Be3 Be6 11. b3 Bg7 12. Qxd8+ Rxd8 13. Rc1 O-O 14. Ba6 Nd7 15. Ke2 Ne5 16. h3 f5 17. f4 Nd7 18.
e5 g5 19. g3 Nb6 20. Rhd1 Nd5 21. Nxd5 Bxd5 22. b4 Kh8 23. a4 g4 24. hxg4 fxg4 25. Rxd5 cxd5 26. Bxa7 h5 27. Rh1 Ra8 28. Rxh5+ Kg8 29.
Bb7 Rxa7 30. Bxd5+ Rf7 31. a5 Kf8 32. Bxf7 Kxf7 33.
Kd3 e6 34. Kc4 Rc7+ 35. Kb3 Rb7 36. Ka4 Rc7 37. b5 Rc3 38. b6 Rxg3 39. a6 Rg1 40.
a7 g3 41. Rg5 g2 42. Kb5 Rb1+ 43. Kc6 1-0

[Event "Late-Titled-Tuesday-Blitz-October-17-2023"]
[Site "Chess.com"]
[Date "2023.10.17"]
[Round "8"]
[White "dadice10"]
[Black "acertijo08"]
[Result "0-1"]
[WhiteElo "2210"]
[BlackElo "2342"]
[TimeControl "180+1"]
[EndTime "15:25:41 PDT"]
[Termination "acertijo08 won on time"]

1. e4 c5 2. Nc3 Nc6 3. Bb5 g6 4. Bxc6 bxc6 5. f4 Bg7 6. Nf3 e6 7. e5 Ne7 8. Ne4 O-O 9. O-O Nf5 10. Nxc5 Qb6 11. d4 d6 12. exd6 Nxd4 13. Nxd4 Qxc5 14.
c3 Ba6 15. Re1 Rad8 16. Be3 Qxd6 17. Qa4 c5 18. Nb5 Qb6 19. c4 Bb7 20. Qa3 Qc6 21.
Re2 a6 22. Nc3 Rd3 23. Qxc5 Qd7 24. Rae1 Rc8 25. Qb4 Rxe3 26. Rxe3 Bd4 27. Nd1 Qc6 28. Qd2 Qxc4 29. b3 Qc6 30. Kf1 Bxe3 31. Nxe3 a5 32. Qd4 Ba6+ 33. Kf2 Bb7 34. Kg3 h5 35. Re2 Qc7 36. Rc2 Qb8 37. Qe5 Qa8 38.
Rxc8+ Bxc8 39. Nc4 Bb7 40. Nxa5 Bxg2 41. Qc3 Qd5 42. Nc4 Be4 43. Ne3 Qa8 44. Nc4 Qxa2 45. Nd6 Qg2+ 0-1

[Event "Late-Titled-Tuesday-Blitz-October-17-2023"]
[Site "Chess.com"]
[Date "2023.10.17"]
[Round "8"]
[White "wanyaland"]
[Black "MKlose11"]
[Result "0-1"]
[WhiteElo "2469"]
[BlackElo "2651"]
[TimeControl "180+1"]
[EndTime "15:25:42 PDT"]
[Termination "MKlose11 won on time"]

1. d4 Nf6 2. c4 c5 3. d5 b5 4. cxb5 a6 5. bxa6 Bxa6 6. Nc3 d6 7. g3 g6 8. Bg2 Bg7 9. Nf3 O-O 10. O-O Nbd7 11.
Rb1 Qb6 12. Qc2 Rfb8 13. b3 Ne8 14. Bb2 Nc7 15. Rfe1 Nb5 16. Nxb5 Bxb5 17. Bxg7 Kxg7 18. a4 Ba6 19. e4 f6 20. Bh3 Ne5 21. Nxe5 fxe5 22.
f4 c4+ 23. Qf2 cxb3 24. fxe5 dxe5 25. Rb2 Bc4 26. Bd7 Qd4 27. Bc6 Ra5 28. Qxd4 exd4 29.
Rd1 d3 30. Kf2 Kf6 31. Ke3 Ke5 32. Rc1 Rb4 33. Rc3 Ba6 34. Bb5 Bxb5 35. axb5 Rxe4+ 36. Kxd3 Rxb5 37. Rcxb3 Rxd5+ 38. Kc2 Re2+ 39. Kb1 Rdd2 40. Rxd2 Rxd2 41. h4 Kf5 42. Kc1 Rg2 43. Kd1 Kg4 44. Re3 Rxg3 45. Rxe7 h5 46. Re4+ Kh3 47. Ke1 Rg4 48. Re6 Kxh4 0-1

[Event "Late-Titled-Tuesday-Blitz-October-17-2023"]
[Site "Chess.com"]
[Date "2023.10.17"]
[Round "8"]
[White "santosalberto1987"]
[Black "johnmez"]
[Result "1-0"]
[WhiteElo "2414"]
[BlackElo "2284"]
[TimeControl "180+1"]
[EndTime "15:25:42 PDT"]
[Termination "santosalberto1987 won by checkmate"]

1. e4 e6 2. d4 d5 3. Nc3 Bb4 4. e5 c5 5. a3 Bxc3+ 6. bxc3 Nc6 7. Nf3 Qa5 8. Qd2 Nge7 9. a4 Bd7 10. Bd3 c4 11. Be2 O-O-O 12. O-O f6 13. Ba3 Ng6 14.
Bd6 Nce7 15. Bxe7 Nxe7 16. Rfb1 Rhf8 17. Qe3 f5 18. Qg5 Rf7 19. Qd2 h6 20. h4 Rg8 21.
h5 f4 22. Nh4 Be8 23. Bg4 Qa6 24. a5 g5 25. hxg6 Rff8 26. Rb2 Nxg6 27. Nxg6 Bxg6 28. Rab1 Rg7 29. Rb5 Be8 30. Rc5+ Kb8 31. f3 h5 32. Bh3 b6 33. axb6 axb6 34. Bxe6 Re7 35. Bxd5 Ka7 36. Bxc4 Qa3 37. Rd5 Bf7 38. Qd3 Bxd5 39. Bxd5 Rc7 40. Qb5 Qa5 41. Qxa5+ bxa5 42. c4 Rb8 43. Ra1 Kb6 44. c5+ Ka7 45. Rxa5# 1-0

[Event "Late-Titled-Tuesday-Blitz-October-17-2023"]
[Site "Chess.com"]
[Date "2023.10.17"]
[Round "8"]
[White "nicholas_ilic"]
[Black "Fdpo95"]
[Result "1-0"]
[WhiteElo "2362"]
[BlackElo "2480"]
[TimeControl "180+1"]
[EndTime "15:25:44 PDT"]
[Termination "nicholas_ilic won by resignation"]

1. e4 c5 2. Nf3 e6 3. d4 cxd4 4. Nxd4 a6 5. Be3 Nf6 6. Nd2 d5 7. e5 Nfd7 8. f4 Nc6 9. N2f3 Be7 10. Bd3 Nc5 11. O-O Nxd3 12. Qxd3 O-O 13. c3 Bd7 14. Rae1 g6 15. g4 Qa5 16. f5 Nxd4 17. Nxd4 Bb5 18.
Nxb5 Qxb5 19. Qd2 Bc5 20. f6 Rfd8 21. Bd4 Rac8 22. Rf3 Qc4 23. b3 Qb5 24. Rh3 Bf8 25. Rh4 Qa5 26. Re3 Bc5 27. Rd3 Bxd4+ 28. Rxd4 Qxc3 29. Qf2 Qa1+ 30. Kg2 Rc1 31. Rxh7 Kxh7 32. Qh4+ Kg8 33. Qh6 Qb2+ 34. Rd2 Qxd2+ 35. Qxd2 Rdc8 36. Qh6 R1c2+ 37. Kg3 R8c3+ 38. Kf4 Rf2+ 39. Kg5 Rf5+ 40. gxf5 Rg3+ 41. Kf4 g5+ 42. Kxg3 1-0

[Event "Late-Titled-Tuesday-Blitz-October-17-2023"]
[Site "Chess.com"]
[Date "2023.10.17"]
[Round "8"]
[White "vugarrasulov"]
[Black "Rodalquilar"]
[Result "1-0"]
[WhiteElo "2961"]
[BlackElo "2773"]
[TimeControl "180+1"]
[EndTime "15:25:45 PDT"]
[Termination "vugarrasulov won on time"]

1. e4 d5 2. exd5 Qxd5 3. Nc3 Qa5 4. d4 Nf6 5. Bd2 Bg4 6. Nf3 Nc6 7. Nb5 Qb6 8. c4 Bxf3 9. Qxf3 Nxd4 10. Nxd4 Qxd4 11.
Qxb7 Qe4+ 12. Qxe4 Nxe4 13. Be3 e6 14. Bd3 Nc5 15. Bc2 a5 16. O-O-O a4 17. f4 Bd6 18.
f5 exf5 19. Rd5 Nd7 20. c5 Be7 21. Re1 c6 22. Rxf5 O-O 23. Bd4 Bf6 24. Re4 Ra5 25. Bxf6 Nxf6 26. Rxa4 Rb5 27. Ra6 Nd5 28. Rxc6 Ne7 29.
Rc7 Nxf5 30. Bxf5 Re8 31. Bd3 Rb4 32. Kc2 h5 33. Kc3 Rg4 34. g3 h4 35. gxh4 Rxh4 36.
c6 Rh3 37. Rd7 g6 38. b4 Kg7 39. b5 Rxh2 40. a4 Re1 41. Kb4 Rc1 42. c7 Rb2+ 43. Ka5 Rb3 44. Kb6 Rbc3 45. Be4 Kf6 46. Bc6 1-0

[Event "Late-Titled-Tuesday-Blitz-October-17-2023"]
[Site "Chess.com"]
[Date "2023.10.17"]
[Round "8"]
[White "Elbebiber"]
[Black "sari07"]
[Result "0-1"]
[WhiteElo "2134"]
[BlackElo "2327"]
[TimeControl "180+1"]
[EndTime "15:25:45 PDT"]
[Termination "sari07 won on time"]

1. d4 Nf6 2. Bg5 Ne4 3. Bf4 d5 4. Nd2 Bf5 5. e3 e6 6. Ngf3 Bd6 7.
Bxd6 cxd6 8. Bd3 O-O 9. O-O Nxd2 10. Qxd2 Bg4 11. Be2 Nc6 12. h3 Bh5 13. Rfe1 Qe7 14.
Rac1 Rad8 15. c4 dxc4 16. Rxc4 d5 17. Rc3 Rd6 18. Rec1 Rfd8 19. a3 Bxf3 20. Bxf3 e5 21. Rc5 e4 22. Be2 Rg6 23. Bf1 Qh4 24. Kh2 h5 25. g3 Qg5 26. h4 Qf6 27. Bg2 Ne7 28.
Rf1 Nf5 29. Qe1 Nxh4 30. gxh4 Qxh4+ 31. Bh3 Qf6 32. f4 exf3 33. Qf2 Qd6+ 34. Kh1 Rg3 35.
Bf5 Rg2 36. Qxg2 fxg2+ 37. Kxg2 g6 38. Bh3 Qe7 39. Rf3 Qg5+ 40. Rg3 Qh4 41. Kh2 Re8 42. Rxd5 Qe7 43. Re5 Qc7 44. Rxe8+ Kg7 45. Re5 Qc2+ 46.
Rg2 Qd1 0-1

[Event "Late-Titled-Tuesday-Blitz-October-17-2023"]
[Site "Chess.com"]
[Date "2023.10.17"]
[Round "8"]
[White "ElenGajger"]
[Black "victormago"]
[Result "1-0"]
[WhiteElo "2370"]
[BlackElo "2432"]
[TimeControl "180+1"]
[EndTime "15:25:46 PDT"]
[Termination "ElenGajger won on time"]

1. e4 c5 2. Nc3 d6 3. f4 g6 4. Nf3 Bg7 5. Bc4 Nc6 6. O-O e6 7.
d3 Nge7 8. Qe1 O-O 9. f5 gxf5 10.
Qh4 d5 11. exd5 Nxd5 12. Bg5 f6 13. Bd2 Nb6 14. Bb3 Kh8 15. Rae1 e5 16. Bh6 Nd4 17. Bxg7+ Kxg7 18. Nxd4 Qxd4+ 19. Qxd4 cxd4 20. Nb5 Bd7 21. Nd6 f4 22. Nxb7 Bc6 23. Nc5 Kh8 24. Ne6 Rg8 25. Rf2 Rg6 26. Nc5 Rc8 27. Be6 Rc7 28. Bf5 Rg8 29. Ne6 Rf7 30. h4 Nd5 31. Be4 Ba8 32. Bxd5 Bxd5 33. Nc5 Rfg7 34. Ne4 Rg6 35.
c4 dxc3 36. bxc3 h6 37. c4 Ba8 38. Ree2 f5 39. Nc5 f3 40. Rxe5 Rxg2+ 41. Rxg2 Rxg2+ 42. Kf1 Rg8 43. Rxf5 Rb8 44. Nb3 Rd8 45. d4 Re8 46.
d5 Kg7 47. Rxf3 Re4 48. Na5 Rxh4 49. Ke2 Rh2+ 50. Rf2 Rh4 51. Kd3 Rh5 52. Kd4 Rh4+ 53. Kc5 Rh5 54. Nc6 1-0

[Event "Late-Titled-Tuesday-Blitz-October-17-2023"]
[Site "Chess.com"]
[Date "2023.10.17"]
[Round "8"]
[White "DarkAlekhine"]
[Black "mind1mover"]
[Result "1-0"]
[WhiteElo "2719"]
[BlackElo "2856"]
[TimeControl "180+1"]
[EndTime "15:25:49 PDT"]
[Termination "DarkAlekhine won by resignation"]

1. e4 d6 2. d4 Nf6 3. Nc3 e5 4.
dxe5 dxe5 5. Qxd8+ Kxd8 6. Bc4 Ke8 7. f3 c6 8. Be3 Nbd7 9. a4 Bc5 10. Nd1 b6 11.
Nh3 Ke7 12. Nhf2 Bxe3 13. Nxe3 Nc5 14. b4 Nb7 15. Nd3 Nd7 16. Nf5+ Kf8 17. Kf2 h5 18. Rhd1 g6 19. Ne3 Nf6 20. Nxe5 c5 21. a5 cxb4 22.
axb6 a5 23. Nxf7 Rh7 24. Ne5 g5 25. Nd5 Ne8 26. Nxb4 Rh6 27. Nd5 a4 28. Ra3 Ned6 29. Be2 g4 30. Nc7 Ra5 31. Rd5 Rc5 32. Bd3 Rxd5 33.
Nxd5 Nc5 34. Be2 Re6 35. Nd3 Ncb7 36. Rxa4 Bd7 37. Ra7 Kf7 38. c4 Bc6 39. c5 Nb5 40.
Ra2 Nd4 41. Bf1 Rg6 42. N3f4 Rh6 43. Rd2 gxf3 44. Rxd4 fxg2 45. Bxg2 Nxc5 46. Rc4 Bxd5 47. Rxc5 Rxb6 48. Rxd5 Rb2+ 49. Ne2 1-0

[Event "Late-Titled-Tuesday-Blitz-October-17-2023"]
[Site "Chess.com"]
[Date "2023.10.17"]
[Round "8"]
[White "Binary010"]
[Black "karinachess1"]
[Result "0-1"]
[WhiteElo "2793"]
[BlackElo "2625"]
[TimeControl "180+1"]
[EndTime "15:25:53 PDT"]
[Termination "karinachess1 won on time"]

1. e4 e5 2. Nf3 Nc6 3. d4 exd4 4. Nxd4 Bc5 5. Nb3 Bb6 6. Nc3 Nf6 7. Bg5 O-O 8. Qe2 Nd4 9. Qd2 Nxb3 10. axb3 h6 11. Be3 Re8 12. Bxb6 cxb6 13. f3 d5 14. O-O-O Be6 15.
Bb5 Rf8 16. exd5 Bf5 17. Rhe1 a6 18. Bd3 Bxd3 19. Qxd3 Qd6 20. Ne4 Nxe4 21. Qxe4 Qxh2 22. d6 Qxg2 23. Rg1 Qf2 24. d7 Rad8 25. Qe5 g6 26. Qf6 Rxd7 27. Rdf1 Qe3+ 28. Kb1 Rfd8 29. f4 Rd6 30.
Qh4 Kg7 31. f5 g5 32. Qh5 Rf6 33. Re1 Qf4 34. Ref1 Qe3 35. Re1 Qf4 36. Ref1 Qe5 37. Qg4 Rd4 38. Qh3 Rf4 39. Rxf4 Qxf4 40. Rf1 Qe5 41.
Qg4 b5 42. Ka2 a5 43. Qh3 a4 44. Qg4 axb3+ 45. cxb3 b6 46. Kb1 Rd6 47. Qf3 Rf6 48. Qg4 Rd6 49. Qf3 Rd2 50. f6+ Kg6 51. Qc3 Qxc3 52. bxc3 g4 0-1

[Event "Late-Titled-Tuesday-Blitz-October-17-2023"]
[Site "Chess.com"]
[Date "2023.10.17"]
[Round "8"]
[White "ameetghasi100"]
[Black "Mykola-Bortnyk"]
[Result "1/2-1/2"]
[WhiteElo "2799"]
[BlackElo "2973"]
[TimeControl "180+1"]
[EndTime "15:25:54 PDT"]
[Termination "Game drawn by stalemate"]

1. h3 e5 2. c4 c6 3. d4 exd4 4.
Qxd4 d5 5. Nc3 Nf6 6. Bg5 Be7 7. cxd5 cxd5 8. e3 Nc6 9. Qa4 Be6 10. Nf3 h6 11.
Bh4 a6 12. Be2 O-O 13. O-O b5 14. Qd1 g5 15. Bg3 Ne4 16. Bh2 Bf6 17. Nd4 Nxd4 18. exd4 Nxc3 19. bxc3 Rc8 20. Qd2 Qa5 21. Bd6 Qxc3 22.
Qxc3 Rxc3 23. Bxf8 Kxf8 24. a4 b4 25. Bxa6 Bxd4 26. Rab1 b3 27. Rfd1 Bf5 28. Rb2 Be5 29. Rbd2 Bc2 30. Bd3 Bf4 31. Bxc2 bxc2 32. Rxd5 cxd1=Q+ 33. Rxd1 Ra3 34. g3 Be5 35. Rd5 Bc3 36. Rd3 Kg7 37. Kg2 Bb4 38. Rxa3 Bxa3 39. a5 Bc5 40. f4 f5 41. Kf3 Kg6 42. g4 fxg4+ 43. Kxg4 h5+ 44. Kf3 Kf5 45. fxg5 Kxg5 46. Kg3 Ba7 47.
a6 Kf5 48. Kg2 Kf4 49. h4 Kg4 50. Kh2 Kxh4 51. Kg2 Kg4 52. Kh1 h4 53. Kh2 h3 54.
Kh1 Kh4 55. Kh2 Kg4 56. Kh1 Kg3 1/2-1/2

[Event "Late-Titled-Tuesday-Blitz-October-17-2023"]
[Site "Chess.com"]
[Date "2023.10.17"]
[Round "8"]
[White "MathiasWomacka"]
[Black "NormWeinstein"]
[Result "1-0"]
[WhiteElo "2541"]
[BlackElo "2407"]
[TimeControl "180+1"]
[EndTime "15:25:55 PDT"]
[Termination "MathiasWomacka won on time"]

1. e4 c5 2. Nf3 d6 3. d4 Nf6 4.
Nc3 cxd4 5. Nxd4 Nc6 6. Be2 e6 7. Be3 Be7 8. O-O O-O 9. f4 Bd7 10. Nb3 Na5 11. e5 Ne8 12. Ne4 Nxb3 13. axb3 Bc6 14. Bd3 a6 15. Kh1 Qc7 16. Bd4 Rd8 17. Qh5 Bxe4 18. Bxe4 g6 19. Qf3 Ng7 20. Bxb7 Nf5 21.
Bc3 dxe5 22. fxe5 Nd4 23. Qe4 Nxc2 24. Rxa6 Ne3 25. Re1 Nd5 26. Bxd5 Rxd5 27. Qa4 Rfd8 28. h3 Rd1 29. Rxd1 Rxd1+ 30. Kh2 Qc5 31. Ra8+ Kg7 32. Qa7 Qxa7 33. Rxa7 Bc5 34. Rc7 Be3 35. g4 Bf4+ 36.
Kg2 g5 37. b4 Rd3 38. b5 Rg3+ 39. Kf2 Rxh3 40. b6 Be3+ 41. Kg2 Bxb6 42. Rc6 Rh4 43. Rxb6 Rxg4+ 44. Kf3 h5 45. Rc6 Rf4+ 46. Ke3 h4 47.
Bd4 h3 48. Rc2 Rf1 49. b4 g4 50. Ke4 g3 51. Rc3 1-0

[Event "Late-Titled-Tuesday-Blitz-October-17-2023"]
[Site "Chess.com"]
[Date "2023.10.17"]
[Round "8"]
[White "Arash_Tahbaz"]
[Black "VincentKeymer"]
[Result "0-1"]
[WhiteElo "2912"]
[BlackElo "3095"]
[TimeControl "180+1"]
[EndTime "15:25:58 PDT"]
[Termination "VincentKeymer won by resignation"]

1. Nf3 Nf6 2. g3 b5 3. Bg2 Bb7 4. O-O e6 5. d3 c5 6. e4 Be7 7.
Nfd2 Qc7 8. f4 d6 9. Nc3 a6 10. Ne2 Nc6 11. Nf3 O-O 12. h3 Nd7 13. g4 f5 14. Ng3 fxe4 15. Nxe4 Rae8 16. Bd2 Nf6 17. Qe2 Qd7 18. Rae1 Bd8 19. c3 Nd5 20. Nh2 b4 21.
Ng5 Bxg5 22. fxg5 bxc3 23. Rxf8+ Rxf8 24. bxc3 Nc7 25. Nf1 e5 26. Ne3 Ne6 27. Nd5 Ne7 28. Nb6 Qc7 29. Nc4 Bxg2 30. Qxg2 Kh8 31. Qe4 Qd7 32. Rb1 Qa4 33. Nxd6 Qc2 34. Rf1 Qxd2 35.
Rxf8+ Nxf8 36. Qxe5 Neg6 37. Nf7+ Kg8 38. Qd5 Qe1+ 39.
Kh2 Qe6 40. Qxe6 Nxe6 41. Nd6 Ngf4 42. h4 Nxd3 43. Ne4 Kf8 44. Kg3 Ke7 45. Kf3 Ne5+ 46. Ke3 Nxg4+ 47. Kd3 Ne5+ 48. Kc2 Kd7 49. Kb3 Kc6 50. Ng3 Kd5 51. Nf5 Ke4 52. Ne7 Kf4 53. Ka4 Kg4 54. Ka5 Kxh4 55. Kxa6 Kxg5 56. a4 h5 57. Kb5 h4 58. Nd5 h3 0-1

[Event "Late-Titled-Tuesday-Blitz-October-17-2023"]
[Site "Chess.com"]
[Date "2023.10.17"]
[Round "8"]
[White "ckgchess"]
[Black "AlexPapasimakopoulos"]
[Result "1-0"]
[WhiteElo "2875"]
[BlackElo "2689"]
[TimeControl "180+1"]
[EndTime "15:25:58 PDT"]
[Termination "ckgchess won on time"]

1. e4 e6 2. d4 d5 3. Nc3 Bb4 4. e5 c5 5. a3 Bxc3+ 6. bxc3 Nc6 7. Qg4 g6 8. Nf3 Bd7 9. h4 h6 10. a4 Qa5 11. Bd2 c4 12. Qf4 Rh7 13. Be2 O-O-O 14.
O-O Rf8 15. Rfb1 f5 16. exf6 Nxf6 17. Qd6 Rff7 18. Be1 Ne4 19. Qa3 g5 20. Rb5 Qc7 21. Rab1 Nd8 22. R5b2 gxh4 23. Ne5 Rf5 24. Bg4 Rg5 25. Qf8 Qd6 26. Qf3 h5 27. Bh3 Rg8 28. Nxc4 dxc4 29. Qxe4 Rhg7 30. Rxb7 Nxb7 31. Qxb7+ Kd8 32.
f3 Qc6 33. Bxh4+ Ke8 34. Qb8+ Bc8 35. Re1 Rg6 36. d5 Qb7 37. Qxb7 Bxb7 38. Bxe6 Rxg2+ 39. Kh1 Kf8 40. Bxg8 Rxg8 41. Re5 Rg6 42. Bf2 Kf7 43. Bc5 Ba8 44. Kh2 h4 45. d6 Bxf3 46. Rf5+ Rf6 47. Rxf3 Rxf3 48. d7 Rf5 49. d8=Q Rxc5 50. Qd7+ 1-0

[Event "Late-Titled-Tuesday-Blitz-October-17-2023"]
[Site "Chess.com"]
[Date "2023.10.17"]
[Round "8"]
[White "Byniolus"]
[Black "JSlaby"]
[Result "1-0"]
[WhiteElo "2771"]
[BlackElo "2588"]
[TimeControl "180+1"]
[EndTime "15:25:58 PDT"]
[Termination "Byniolus won by resignation"]

1. d4 Nf6 2. Nf3 g6 3. Bf4 Bg7 4. e3 d6 5. h3 O-O 6. Be2 c5 7.
c3 Qb6 8. Qb3 Be6 9. Qxb6 axb6 10. a3 Nc6 11. Nbd2 Na5 12. O-O Nb3 13. Nxb3 Bxb3 14.
Bd3 Bd5 15. Nd2 Bc6 16. e4 cxd4 17. cxd4 d5 18. e5 Ne4 19. Rac1 Nxd2 20. Bxd2 f6 21. f4 e6 22. Bb4 Rf7 23. Bd6 fxe5 24. Bxe5 Raf8 25. g3 Bxe5 26. dxe5 Kg7 27. h4 h6 28.
Be2 Rd8 29. Bg4 Re7 30. Rfd1 Rf8 31. Rd4 g5 32. Kf2 gxf4 33. gxf4 Kh7 34. Rg1 Rg8 35.
Bh3 Rxg1 36. Kxg1 Kg6 37. Kf2 Kf7 38. Rb4 b5 39. Bf1 Kg6 40. Ke3 Rd7 41. Bd3+ Kh5 42. Be2+ Kg6 43. Bg4 Kf7 44. Kd4 Rd8 45. Be2 Kg6 46. Bxb5 Kf5 47. Bxc6 bxc6 48. Kc5 h5 49. a4 Kg4 50. a5 Kxh4 51. f5+ Kg5 52. fxe6 Kf5 53. e7 Ra8 54. Kd6 1-0

[Event "Late-Titled-Tuesday-Blitz-October-17-2023"]
[Site "Chess.com"]
[Date "2023.10.17"]
[Round "8"]
[White "Polish_fighter3000"]
[Black "DanielDardha2005"]
[Result "1-0"]
[WhiteElo "3060"]
[BlackElo "2894"]
[TimeControl "180+1"]
[EndTime "15:26:04 PDT"]
[Termination "Polish_fighter3000 won on time"]

1. Nc3 g6 2. d4 Bg7 3. e4 a6 4. a4 d6 5. Nf3 Nf6 6. Be2 O-O 7. O-O Nc6 8. d5 Nb4 9. a5 e6 10. h3 exd5 11. exd5 b5 12. axb6 cxb6 13. Ra4 a5 14.
Be3 Re8 15. Bb5 Rxe3 16. fxe3 Nd7 17. Nd4 Nc5 18. Ra1 Qe7 19. Qf3 Bb7 20. Bc6 Rf8 21. Bxb7 Qxb7 22. Rf2 Nd7 23. Nc6 Ne5 24. Nxe5 Bxe5 25.
Nb5 Qxd5 26. Qxd5 Nxd5 27. Ra3 Rc8 28. e4 Nf6 29. Re2 Rc5 30. Rb3 Kg7 31. c3 h5 32. Kf2 h4 33. Kf3 Bh2 34. Nd4 Nd7 35.
Re1 Rg5 36. g4 hxg3 37. Kg2 Ne5 38. Rxb6 Nd3 39. Rf1 Nc5 40. Rxd6 Nxe4 41. Rd7 Nf2 42. Ne6+ Kf6 43. Nxg5 Kxg5 44. Rxf7 Nd3 45. b3 Kh4 46. R7f3 Nc5 47. b4 axb4 48. cxb4 Ne6 49. b5 g5 50. Rf6 Nf4+ 51. R1xf4+ Kh5 52. R4f5 1-0

[Event "Late-Titled-Tuesday-Blitz-October-17-2023"]
[Site "Chess.com"]
[Date "2023.10.17"]
[Round "8"]
[White "Sanan_Sjugirov"]
[Black "stefan_95"]
[Result "1-0"]
[WhiteElo "2947"]
[BlackElo "2726"]
[TimeControl "180+1"]
[EndTime "15:26:04 PDT"]
[Termination "Sanan_Sjugirov won by resignation"]

1. e4 c5 2. Nf3 d6 3. d4 cxd4 4.
Nxd4 Nf6 5. Nc3 g6 6. Be3 Bg7 7.
f3 O-O 8. Qd2 Nc6 9. O-O-O Bd7 10.
Kb1 Rc8 11. h4 Ne5 12. g4 Qa5 13. Be2 b5 14. h5 b4 15. Nd5 Nxd5 16. exd5 Rfe8 17.
hxg6 fxg6 18. Ne6 Bxe6 19. dxe6 Nc4 20. Bxc4 Rxc4 21. Qh2 Qe5 22. Qxh7+ Kf8 23. Bc1 Rxc2 24. Kxc2 Rc8+ 25. Kd2 Qf4+ 26. Ke2 Rc2+ 27. Rd2 Qc4+ 28. Kf2 Qd4+ 29. Kg3 Rxd2 30. Bxd2 Qxd2 31. Qxg6 Be5+ 32. Kh3 Qf4 33. Qf5+ Kg7 34. Qxf4 Bxf4 35. Kg2 Kf6 36. Rh5 Kxe6 37. Rb5 Bd2 38. b3 d5 39. Rb7 d4 40.
Kf2 d3 41. Rxa7 Bf4 42. Ra8 d2 43. Ke2 Kd5 44. Rd8+ Kc5 45. Rf8 e5 46. Rxf4 exf4 47.
Kxd2 Kd4 48. Ke2 Ke5 49. Kd3 Kd5 50. g5 Ke5 51. g6 Kf6 52. Ke4 Kxg6 53. Kxf4 Kf6 54.
Ke4 Ke6 55. Kd4 Kf5 56. Kc4 Kf4 57. Kxb4 Kxf3 58. Kc5 Ke4 59. b4 Kd3 60. b5 Kc3 61. a4 Kb3 62. a5 Kc3 63. a6 Kd3 64. a7 Ke4 65. a8=Q+ Ke3 66. Qd5 Kf4 67. b6 1-0

[Event "Late-Titled-Tuesday-Blitz-October-17-2023"]
[Site "Chess.com"]
[Date "2023.10.17"]
[Round "8"]
[White "wgraif"]
[Black "giomar27"]
[Result "1-0"]
[WhiteElo "2505"]
[BlackElo "2347"]
[TimeControl "180+1"]
[EndTime "15:26:04 PDT"]
[Termination "wgraif won by resignation"]

1. e4 e5 2. Nf3 Nc6 3. d4 exd4 4. c3 d5 5. Bd3 dxc3 6. exd5 Qxd5 7. O-O Bd6 8. Nxc3 Qh5 9. Nb5 Bg4 10. Nxd6+ cxd6 11. Be4 Nge7 12. Qxd6 O-O 13. h3 Be6 14. Bg5 Rfd8 15.
Qg3 Rd7 16. Rac1 h6 17. Bf6 Ng6 18. Bc3 Bd5 19. Rfd1 Rad8 20. Bxd5 Rxd5 21. Rxd5 Qxd5 22. a3 Qe4 23. h4 h5 24. Qg5 Qg4 25. Re1 Qxg5 26.
hxg5 Nce7 27. g3 Nd5 28. Rd1 Rd7 29. Kh2 Nb6 30. Rxd7 Nxd7 31. Kh3 Nc5 32. b4 Ne6 33. Nd4 Nxd4 34. Bxd4 a6 35. f4 Ne7 36. g4 hxg4+ 37.
Kxg4 Kf8 38. f5 Ke8 39. Kf4 Nc6 40. Bc3 Kd7 41. Bxg7 Na7 42. g6 fxg6 43. fxg6 Ke6 44. Be5 Nc6 45. Bc3 Na7 46. a4 Nc6 47. Ke4 Ne7 48. g7 Kf7 49. b5 axb5 50. axb5 Nc8 51. Kd5 Na7 52. Kc5 Nc8 53. Bb2 Kg8 54. Kd5 Kf7 55. Bc3 Ne7+ 56. Kd6 Nf5+ 57. Kc7 Ne7 58. Kxb7 Nd5 59. Bb2 Nb4 60. b6 Nd5 61. Kc6 1-0

[Event "Late-Titled-Tuesday-Blitz-October-17-2023"]
[Site "Chess.com"]
[Date "2023.10.17"]
[Round "8"]
[White "topin8"]
[Black "Hirna2005"]
[Result "0-1"]
[WhiteElo "2474"]
[BlackElo "2336"]
[TimeControl "180+1"]
[EndTime "15:26:07 PDT"]
[Termination "Hirna2005 won on time"]

1. e4 g6 2. d4 Bg7 3. Nf3 d6 4. Nc3 a6 5. a4 Nc6 6. h3 Nf6 7. Be2 O-O 8. O-O e5 9. dxe5 Nxe5 10. Nxe5 dxe5 11. Be3 Be6 12. a5 Qe7 13. Qc1 Rfd8 14. g4 Qb4 15. Ra4 Qd6 16. Rd1 Qe7 17. f3 Nd7 18. b4 Qh4 19. Kg2 h6 20. Bf2 Qf6 21.
Nd5 Bxd5 22. Rxd5 Nf8 23. c4 Ne6 24. Be3 Kh7 25. Ra3 c6 26. Rxd8 Rxd8 27. Rd3 Rxd3 28. Bxd3 Qd8 29. Be2 Bf8 30. Qd2 Qe7 31. b5 Qa3 32.
bxa6 bxa6 33. Kf2 Bb4 34. Qd7 Kg7 35. Qxc6 Qxa5 36. Qd5 Bc5 37. Qxe5+ Kh7 38. Bxc5 Nxc5 39. Qe7 Kg7 40. e5 Qb6 41. Kg3 Ne6 42. Qf6+ Kg8 43. Kg2 Qe3 44. Bf1 Nf4+ 45. Kg3 Ne6 46.
h4 a5 47. c5 Qxc5 48. g5 h5 49. Bd3 Qg1+ 50. Kh3 Qh1+ 51. Kg3 Qe1+ 52. Kh3 Qe3 53. Bxg6 Nf4+ 54. Kg3 Nxg6 55. Qd8+ Kh7 56. Qxa5 Qxe5+ 57. Qxe5 Nxe5 58. f4 Nc4 59. f5 Nd6 60. Kf4 Kg7 61.
Ke5 Nc4+ 62. Kd4 Nd2 63. Ke3 Nf1+ 64. Kf2 Nh2 65. Kg3 Ng4 66. Kf4 Kf8 67. f6 Kg8 68. Kf5 Kh7 69. g6+ fxg6+ 70. Kg5 Nh6 71. f7 Nxf7+ 72. Kf6 Nh6 0-1

[Event "Late-Titled-Tuesday-Blitz-October-17-2023"]
[Site "Chess.com"]
[Date "2023.10.17"]
[Round "8"]
[White "borocotoajua"]
[Black "Tunahan_Makaraci"]
[Result "1-0"]
[WhiteElo "2577"]
[BlackElo "2388"]
[TimeControl "180+1"]
[EndTime "15:26:10 PDT"]
[Termination "borocotoajua won on time"]

1. d4 d5 2. Nf3 c5 3. c4 e6 4. cxd5 exd5 5. Nc3 Nc6 6. g3 Nf6 7. Bg2 cxd4 8. Nxd4 Bc5 9. Nb3 Bb6 10. O-O d4 11. Na4 O-O 12. Bg5 Re8 13. Nxb6 axb6 14. Bxc6 bxc6 15. Nxd4 h6 16. Bf4 Bb7 17. Nf5 Qxd1 18.
Rfxd1 Rxe2 19. Nd6 Ba6 20. Rac1 c5 21. b4 cxb4 22. Rc7 Rd8 23. Rb1 g5 24. Nxf7 gxf4 25. Nxd8 fxg3 26. hxg3 Ng4 27. Rxb4 Nxf2 28. Rxb6 Nh3+ 29.
Kh1 Bd3 30. Re6 Be4+ 31. Rxe4 Rxe4 32. Kg2 Ng5 33. Nc6 Re2+ 34. Kf1 Rxa2 35. Ne7+ Kf7 36.
Nf5+ Kg6 37. Nh4+ Kh5 38. Rc4 Nf7 39. Nf5 Kg5 40. Nh4 Ne5 41. Rc5 Kf6 42. Rb5 Nc4 43. Rc5 Nd2+ 44. Ke1 Ne4 45. Rc6+ Kg5 46. Rg6+ Kh5 47.
Rg7 Nxg3 48. Rxg3 Kxh4 49. Rb3 Rg2 50. Kf1 Rg5 51. Kf2 h5 52. Kf1 Rg8 53. Kf2 Kg4 54. Rg3+ Kh4 55. Rxg8 1-0